 Dungeon Crawl Stone Soup version 0.20.1-1-g8b1a95d (webtiles) character file.

97 saltybanana the Slasher (level 4, -2/37 HPs)
             Began as a Minotaur Gladiator on Aug 15, 2017.
             Slain by an orc priest
             ... wielding a +0 war axe
              (5 damage)
             ... on level 3 of the Dungeon.
             The game lasted 00:13:01 (1742 turns).

saltybanana the Slasher (Minotaur Gladiator)        Turns: 1742, Time: 00:13:02

Health: -2/37      AC:  9    Str: 19    XL:     4   Next: 42%
Magic:  3/3        EV:  4    Int:  5    God:
Gold:   66         SH: 12    Dex: 12    Spells: 3/3 levels left

rFire    . . .     SeeInvis .   a - +0 long sword
rCold    . . .     Gourm    .   b - +0 large shield
rNeg     . . .     Faith    .   g - +0 chain mail
rPois    .         Spirit   .   c - +0 hat
rElec    .         Reflect  .   (no cloak)
rCorr    .         Harm     .   n - +0 pair of gloves
MR       .....                  (no boots)
Stlth    ..........             (no amulet)
Regen    0.2/turn               j - ring of loudness (curse)
MPRegen  0.1/turn               e - ring of wizardry

@: no status effects
A: retaliatory headbutt, horns 2
a: no special abilities


You were on level 3 of the Dungeon.
You were not hungry.

You visited 1 branch of the dungeon, and saw 3 of its levels.

You collected 66 gold pieces.

Inventory:

Hand Weapons
 a - a +0 long sword (weapon)
 i - a +0 war axe
Missiles
 d - 3 throwing nets (quivered)
Armour
 b - a +0 large shield (worn)
 c - a +0 hat (worn)
 g - a +0 chain mail (worn)
 n - a +0 pair of gloves (worn)
Jewellery
 e - a ring of wizardry (right hand)
 j - a cursed ring of loudness (left hand)
Scrolls
 f - a scroll of teleportation
 m - a scroll of identify
Potions
 h - a potion of resistance {unknown}
 o - a potion of haste {unknown}
Comestibles
 k - a bread ration


   Skills:
 + Level 2.8 Fighting
 + Level 5.3 Long Blades
 + Level 2.0 Throwing
 + Level 1.0 Armour
 + Level 3.9 Dodging
 + Level 0.8 Shields


You had 3 spell levels left.
You didn't know any spells.

Dungeon Overview and Level Annotations

Branches:
Dungeon (3/15)

Altars:


Innate Abilities, Weirdness & Mutations

You reflexively headbutt those who attack you in melee.
You have a pair of horns on your head.


Message History

You completely miss the orc priest. The orc hits you but does no damage.
The orc priest invokes the aid of Beogh against you.
Pain shoots through your body!
You hit the orc priest. Your headbutt misses the orc priest.
The orc priest is moderately wounded.
The orc barely misses you.
You riposte.
Your shield prevents you from hitting the orc.
The orc priest hits you but does no damage.
The orc hits you but does no damage.
You closely miss the orc priest. You headbutt the orc priest.
The orc priest is heavily wounded.
The orc priest hits you with a war axe!
* * * LOW HITPOINT WARNING * * *
You block the orc's attack. You block the orc priest's attack.
You hit the orc but do no damage. The orc barely misses you.
You furiously retaliate!
You headbutt the orc. You closely miss the orc priest.
The orc priest is heavily wounded.
The orc priest hits you with a war axe.
You die...

###..########.##..#..##
#....
............#.##.###..#
#.<..
###..######...........##
#..†. # ###....###...#
#.... #.######...###....
#.####.# #.....##....
#......# #......#....
#...###.# #...........
## #@# #.....#.###.
#.....oo# ##..........
###..##.# #..###....# #.
..# #..# ###..# # ..#
....# ... #... ####.#
.##. #... ..# . .... ...


You could see an orc priest and an orc.

Vanquished Creatures
  An orc priest (D:3)
  An adder (D:2)
  A worm (D:3)
  4 dart slugs (D:1)
  3 leopard geckos
  12 giant cockroaches (D:2)
  5 hobgoblins
  A ball python (D:1)
  6 bats
  A frilled lizard (D:2)
  5 kobolds
  4 rats
44 creatures vanquished.

Notes
Turn   | Place    | Note
-------+----------+-------------------------------------------
     0 | D:1      | saltybanana the Minotaur Gladiator began the quest for the Orb.
     0 | D:1      | Reached XP level 1. HP: 18/18 MP: 0/0
   135 | D:1      | Reached XP level 2. HP: 25/25 MP: 1/1
   213 | D:1      | Reached skill level 4 in Long Blades
  1142 | D:2      | Reached XP level 3. HP: 30/30 MP: 2/2
  1587 | D:3      | Reached skill level 5 in Long Blades
  1591 | D:3      | Reached XP level 4. HP: 26/37 MP: 3/3
  1737 | D:3      | Reached skill level 1 in Armour
  1742 | D:3      | Slain by an orc priest

Skill      XL: |  1  2  3  4 |
---------------+-------------+-----
Long Blades    | 4 5 |  5.3
Armour         | 1 |  1.0
Fighting       | |  2.8
Throwing       | |  2.0
Dodging        | |  3.9
Shields        | |  0.8

Action                   |  1- 3 |  4- 6 || total
-------------------------+-------+-------++-------
Melee: Long sword        |    98 |     9 ||   107
       Headbutt          |    14 |     2 ||    16
  Use: Scroll            |     2 |     1 ||     3
       Potion            |     1 |     2 ||     3
  Eat: Bread ration      |     1 |       ||     1
Armor: Chain mail        |    61 |     5 ||    66
Dodge: Dodged            |    51 |     2 ||    53
Block: Large shield      |    23 |     4 ||    27
       Rpst.: Long sword |    15 |     1 ||    16
